 Dungeon Crawl Stone Soup version 0.20-a0-903-g7e3609c (webtiles) character file.

777 AlphabetPasta the Stinger (level 7, 0/88 HPs)
             Began as an Ogre Venom Mage on Mar 20, 2017.
             Slain by a white ugly thing (9 damage)
             ... on level 6 of the Dungeon.
             The game lasted 00:33:52 (5211 turns).

AlphabetPasta the Stinger (Ogre Venom Mage)         Turns: 5211, Time: 00:33:53

Health: 0/88       AC:  4    Str: 21    XL:     7   Next: 84%
Magic:  5/14       EV: 10    Int: 27    God:
Gold:   294        SH:  0    Dex: 14    Spells: 6/16 levels left

rFire    . . .     SeeInvis .   t - +5 quarterstaff "Godghao" {crush, Str+3 Int+4}
rCold    . . .     Gourm    .   a - +0 robe
rNeg     . . .     Faith    .   (shield currently unavailable)
rPois    .         Spirit   .   (helmet restricted)
rElec    .         Reflect  .   i - +0 cloak
rCorr    .         Harm     .   (gloves unavailable)
MR       .....                  (boots unavailable)
Stlth    ..........             (no amulet)
Regen    0.3/turn               (no ring)
MPRegen  0.2/turn               m - +5 ring of dexterity

@: brilliant, berserking, very quick
A: unfitting armour, tough skin 1
a: no special abilities


You were on level 6 of the Dungeon.
You were not hungry.

You visited 1 branch of the dungeon, and saw 6 of its levels.

You collected 294 gold pieces.

Inventory:

Hand Weapons
 t - the +5 quarterstaff "Godghao" (weapon) {crush, Str+3 Int+4}
   (You found it on level 4 of the Dungeon)

   It inflicts extra damage upon your enemies.
   It affects your strength (+3).
   It affects your intelligence (+4).
Missiles
 e - 7 javelins (quivered)
 l - 2 throwing nets
Armour
 a - a +0 robe (worn)
 i - a +0 cloak (worn)
 q - a +0 shield
Jewellery
 m - a +5 ring of dexterity (left hand)
Wands
 g - a wand of confusion (35/48)
 s - a wand of polymorph (13/24)
Scrolls
 f - a scroll of identify
 r - a scroll of remove curse
Potions
 j - a potion of agility
 o - 2 potions of curing
 v - a potion of heal wounds
Books
 b - a Young Poisoner's Handbook

   Spells                             Type                      Level
   a - Sting                          Conjuration/Poison           1
   b - Poisonous Vapours              Poison/Air                   2
   c - Mephitic Cloud                 Conjuration/Poison/Air       3
   d - Olgreb's Toxic Radiance        Poison                       4
   e - Venom Bolt                     Conjuration/Poison           5
Comestibles
 c - 6 bread rations
 d - 2 meat rations
 h - 3 royal jellies
 w - 2 fruits


   Skills:
 + Level 1.6 Staves
 - Level 2.0 Dodging
 - Level 1.4 Stealth
 - Level 1.0 Shields
 + Level 5.0 Spellcasting
 + Level 3.6 Conjurations
 * Level 5.7 Poison Magic


You had 6 spell levels left.
You knew the following spells:

 Your Spells              Type           Power        Failure   Level  Hunger
a - Sting                 Conj/Pois      ####         1%          1    None
b - Poisonous Vapours     Pois/Air       #####.       1%          2    None
c - Mephitic Cloud        Conj/Pois/Air  #####...     1%          3    #......
d - Olgreb's Toxic Radia  Pois           ######..     1%          4    ###....


Dungeon Overview and Level Annotations

Branches:
Dungeon (6/15)
 Temple: D:4-7

Altars:
Fedhas
Kikubaaqudgha
Makhleb
Qazlal
Wu Jian


Innate Abilities, Weirdness & Mutations

You are too large for most types of armour.
You have tough skin. (AC +1)


Message History

Casting: Mephitic Cloud
Confirm with . or Enter, or press ? or * to list all spells.
You begin to radiate toxic energy.
The white ugly thing looks as sick as possible!
The white ugly thing looks as sick as possible!
The white ugly thing seems less confused.
You closely miss the white ugly thing.
The white ugly thing is moderately wounded.
The white ugly thing tail-slaps you. The white ugly thing freezes you!!
Your toxic aura wanes.
You hear the slow hiss of a very distant avalanche of sand.
A red film seems to cover your vision as you go berserk!
You feel yourself moving faster!
You feel mighty!
Something unseen opens the door.
The white ugly thing tail-slaps you! The white ugly thing freezes you!!
* * * LOW HITPOINT WARNING * * *
You thump the white ugly thing!
The white ugly thing is almost dead.
The white ugly thing tail-slaps you!
You die...

..........##
#.........#
#........######
#...<....##....
#.........'.... ##
################....
#.##....##.......##....
#..........<.....#.....
#....u@..........'.....
#................#.....
##.....###....##.##....
#.....# #######.##....
...........# #........
...?†......W #........
...........# #........
...........# #........
..........$# #........


You could see a white ugly thing and a phantom (wandering).

Vanquished Creatures
  A sky beast (D:5)
  An ogre (D:5)
  A scorpion (D:4)
  A howler monkey (D:4)
  A bullfrog zombie (D:5)
  A crimson imp (D:3)
  Crazy Yiuf (D:2)
  An orc priest (D:3)
  2 iguanas (D:5)
  Natasha (D:3)
  Robin (D:3)
  11 adders
  8 gnolls
  A shadow imp (D:5)
  An ooze (D:1)
  2 worms
  2 dart slugs
  2 leopard geckos (D:2)
  7 orcs
  A ball python (D:2)
  7 bats
  2 bat zombies (D:4)
  7 giant cockroaches
  14 goblins
  7 hobgoblins
  6 jackals
  5 quokkas
  2 frilled lizards
  8 kobolds
  6 rats
111 creatures vanquished.

Notes
Turn   | Place    | Note
-------+----------+-------------------------------------------
     0 | D:1      | AlphabetPasta the Ogre Venom Mage began the quest for the Orb.
     0 | D:1      | Reached XP level 1. HP: 16/16 MP: 3/3
   126 | D:1      | Reached skill level 1 in Conjurations
   271 | D:1      | Reached XP level 2. HP: 24/24 MP: 2/5
   285 | D:1      | Learned a level 2 spell: Poisonous Vapours
   820 | D:1      | Reached XP level 3. HP: 31/31 MP: 1/7
  1197 | D:2      | Learned a level 3 spell: Mephitic Cloud
  1402 | D:2      | Reached XP level 4. HP: 28/39 MP: 5/8
  1484 | D:2      | Found a runed door.
  1488 | D:2      | Noticed Crazy Yiuf
  1513 | D:2      | Killed Crazy Yiuf
  1778 | D:2      | Learned a level 4 spell: Olgreb's Toxic Radiance
  1860 | D:2      | Reached XP level 5. HP: 41/45 MP: 6/10
  2414 | D:3      | Found a blossoming altar of Fedhas.
  2556 | D:3      | Noticed Natasha
  2560 | D:3      | Killed Natasha
  2605 | D:3      | Noticed Robin
  2618 | D:3      | Killed Robin
  2831 | D:3      | Reached XP level 6. HP: 49/53 MP: 5/12
  3708 | D:4      | Got a fine quarterstaff
  3811 | D:4      | Identified the +5 quarterstaff "Godghao" {crush, Str+3 Int+4} (You found it on level 4 of the Dungeon)
  3957 | D:4      | Reached skill level 5 in Poison Magic
  4080 | D:3      | Reached skill level 1 in Shields
  4080 | D:3      | Reached XP level 7. HP: 48/59 MP: 9/13
  4102 | D:4      | Found an ancient bone altar of Kikubaaqudgha.
  4362 | D:5      | Entered Level 5 of the Dungeon
  4381 | D:5      | Found an ornate altar of the Wu Jian Council.
  4398 | D:5      | Learned a level 4 spell: Olgreb's Toxic Radiance
  4715 | D:5      | Reached skill level 1 in Staves
  4724 | D:5      | Found a stormy altar of Qazlal.
  4967 | D:5      | Reached skill level 5 in Spellcasting
  5100 | D:5      | Found a burning altar of Makhleb.
  5195 | D:6      | Noticed a white ugly thing
  5211 | D:6      | Slain by a white ugly thing

Vault maps used:
D:1:      dpeg_arrival_simpleton_c, grunt_decor_one_mirror,
          minmay_misc_feat_columns, st_stairs_7
D:2:      kennysheep_six_static_rooms, uniq_crazy_yiuf_cottage
D:3:      nicolae_overflow_hidden_temple, uniq_natasha, uniq_robin
D:4:      lemuel_zombie_altar_kikubaaqudgha, kennysheep_decorative_pillar
D:5:      kennysheep_mini, lightli_temple_of_fire, lemuel_crystal_altar,
          first_bread
D:6:      enter_ossuary_1, hangedman_abyss_or_decor_stagger

Skill      XL: |  1  2  3  4  5  6  7 |
---------------+----------------------+-----
Conjurations   | 1 2 3 |  3.6
Poison Magic   | 3 4 5 |  5.7
Spellcasting   | 3 4 5 |  5.0
Dodging        | 2 |  2.0
Shields        | 1 |  1.0
Staves         | 1 |  1.6
Stealth        | |  1.4

Action                   |  1- 3 |  4- 6 |  7- 9 || total
-------------------------+-------+-------+-------++-------
Melee: Dagger            |    20 |       |       ||    20
       Unarmed           |     1 |       |       ||     1
       Flail             |    10 |   109 |       ||   119
       Quarterstaff      |       |    28 |    32 ||    60
 Cast: Sting             |    46 |    56 |     6 ||   108
       Poisonous Vapours |     5 |    45 |    12 ||    62
       Olgreb's Toxic Ra |       |     1 |     2 ||     3
       Mephitic Cloud    |       |       |     1 ||     1
  Use: Scroll            |       |     6 |     7 ||    13
       Potion            |       |       |     2 ||     2
 Stab: Distracted        |       |     1 |       ||     1
  Eat: Chunk             |     2 |    10 |     4 ||    16
Armor: Robe              |    19 |    49 |     9 ||    77
Dodge: Dodged            |    28 |    91 |    15 ||   134
